AoeStats
← iKill

Arabia

506925380Analyzed
2v2 RM · 17d ago on Sep 15, 2026· 103m 50s· 4 players
Game mode
Random Map
Map size
Medium (4 player)
Population
200
Speed
Normal
Resources
Standard
Victory
Conquest
Starting age
Dark Age
Ending age
Imperial Age
RankedLock teamsTeams togetherTeam positionsShared explorationLock speedFull tech treeHidden civsTurbo modeCheats
Victory
Defeat
🇧🇷 Slavs · Brazil
591
+17
🇵🇹 Britons · Portugal
563
+18
🇮🇱 Portuguese · Israel
614
-18
🇮🇱 Byzantines · Israel
591
-17
Toerz
10:54 Feudal Age
11:31 Double-Bit Axe
11:28 Horse Collar
16:41 Wheelbarrow
20:13 Castle Age
20:21 Gold Mining
21:03 Bow Saw
20:56 Heavy Plow
23:06 Stone Mining
23:24 Fletching
23:35 Padded Archer Armor
24:04 Bodkin Arrow
25:21 Gold Shaft Mining
26:55 Crossbowman
28:02 Treadmill Crane
28:50 Leather Archer Armor
30:14 Wheelbarrow
30:50 Ballistics
30:58 Fervor
31:09 Sanctity
31:13 Hand Cart
31:31 Loom
31:36 Town Watch
33:14 Town Patrol
36:48 Imperial Age
36:19 Fortified Wall
36:20 Masonry
36:12 Herbal Medicine
35:41 Pikeman
36:22 Squires
37:37 Yeomen
39:20 Chemistry
38:51 Architecture
39:22 Halberdier
40:34 Warwolf
40:54 Bracer
43:50 Conscription
43:54 Murder Holes
43:57 Elite Longbowman
75:54 Ring Archer Armor
75:34 Arbalester
iKill
7:27 Loom
9:33 Feudal Age
11:18 Double-Bit Axe
13:03 Horse Collar
15:34 Wheelbarrow
20:56 Bloodlines
27:23 Castle Age
25:43 Forging
25:37 Scale Mail Armor
27:27 Scale Barding Armor
29:02 Hand Cart
28:58 Bow Saw
28:50 Heavy Plow
28:25 Light Cavalry
29:09 Squires
30:18 Husbandry
32:49 Pikeman
36:00 Iron Casting
35:42 Chain Mail Armor
35:58 Chain Barding Armor
40:03 Imperial Age
39:46 Gold Mining
39:47 Stone Mining
42:04 Cavalier
42:05 Hussar
44:02 Halberdier
48:08 Man-at-Arms
49:58 Blast Furnace
49:29 Plate Mail Armor
49:34 Plate Barding Armor
50:40 Druzhina
54:04 Elite Boyar
54:54 Detinets
55:09 Long Swordsman
58:30 Crop Rotation
59:03 Two-Man Saw
67:47 Two-Handed Swordsman
68:50 Champion
70:37 Onager
Pablecito
9:17 Loom
11:28 Feudal Age
12:09 Horse Collar
16:17 Double-Bit Axe
19:12 Wheelbarrow
24:31 Castle Age
25:10 Crossbowman
26:07 Husbandry
25:31 Pikeman
29:10 Heavy Plow
31:54 Fortified Wall
31:49 Padded Archer Armor
31:39 Fletching
32:39 Elite Skirmisher
33:29 Squires
35:17 Wheelbarrow
37:06 Scale Barding Armor
36:57 Bodkin Arrow
41:58 Imperial Age
40:54 Leather Archer Armor
40:50 Forging
40:40 Murder Holes
42:07 Halberdier
44:41 Chemistry
47:19 Ring Archer Armor
46:50 Bracer
47:25 Iron Casting
46:51 Scale Mail Armor
49:01 Crop Rotation
59:01 Chain Mail Armor
59:07 Chain Barding Armor
58:11 Cavalier
75:10 Bow Saw
79:58 Paladin
91:16 Coinage
96:32 Bombard Tower
michaelnaro
7:38 Loom
10:19 Feudal Age
11:41 Wheelbarrow
10:50 Horse Collar
10:57 Double-Bit Axe
14:32 Town Watch
18:49 Castle Age
17:13 Gold Mining
17:18 Fletching
20:12 Hand Cart
19:24 Pikeman
20:34 Bow Saw
21:03 Gambesons
21:28 Padded Archer Armor
22:49 Arson
23:24 Stone Mining
24:00 Bodkin Arrow
24:13 Heavy Plow
26:06 Arson
26:46 Forging
27:44 Town Patrol
28:43 Treadmill Crane
29:48 Iron Casting
29:30 Leather Archer Armor
34:15 Imperial Age
33:33 Stone Shaft Mining
33:23 Ballistics
33:21 Scale Mail Armor
35:58 Chemistry
36:02 Two-Man Saw
35:42 Crop Rotation
34:37 Halberdier
35:25 Bracer
37:43 Blast Furnace
37:15 Ring Archer Armor
37:04 Chain Mail Armor
40:23 Ring Archer Armor
40:24 Plate Mail Armor
39:54 Elite Organ Gun
41:03 Masonry
42:44 Caravan
43:15 Coinage
42:57 Guilds
44:09 Bombard Tower
46:23 Conscription
48:42 Architecture
48:11 Murder Holes
51:16 Heated Shot
53:25 Banking
60:11 Elite Skirmisher
60:57 Thumb Ring
76:14 Redemption
Connection lost

Rejoining the realm…

Still unreachable

The connection could not be restored.

Session expired

The server has moved on; the page needs a fresh start.